 Seeded DCSS version 0.28.0-53-g5a82cb258f (webtiles) character file.

Game seed: 1973 (custom seed)

3423 Kazon the Fanfare of Bloodshed (level 10, 0/51 HPs)
             Began as a Vine Stalker Fighter on July 13, 2022.
             Was a Believer of Makhleb.
             Slain by a bog mummy (8 damage)
             ... in an ossuary.
             The game lasted 00:31:48 (5526 turns).

Kazon the Fanfare of Bloodshed (VSFi)               Turns: 5526, Time: 00:31:48

Health: 0/51       AC:  4    Str: 22    XL:     10   Next: 5%
Magic:  0/15       EV: 12    Int:  8    God:    Makhleb [**....]
Gold:   130        SH:  0    Dex: 15    Spells: 9/10 levels left

rFire   + . .      SeeInvis .   a - +0 long sword
rCold   . . .      Faith    .   E - orb {*Rage}
rNeg    . . .      Spirit   +   C - +0 leather armour {rF+}
rPois   .          Reflect  .   (no helmet)
rElec   .          Harm     .   (no cloak)
rCorr   .          Rampage  .   (no gloves)
Will    +....      Rage     20% F - +0 pair of boots
Stlth   ++........              o - amulet of magic regeneration
HPRegen 0.97/turn               (no ring)
MPRegen 0.54/turn               (no ring)

@: mighty, on berserk cooldown, slowed, very slow
A: fangs 3, regeneration 1, magic shield, antimagic bite, no potion heal 2
a: Renounce Religion, Minor Destruction


You were in an ossuary.
You worshipped Makhleb.
Makhleb was pleased with you.
You visited 2 branches of the dungeon, and saw 9 of its levels.
You also visited: Ossuary.

You collected 334 gold pieces.
You spent 204 gold pieces at shops.

Inventory:

Hand Weapons
 a - a +0 long sword (weapon)
 e - a +0 short sword of venom
 v - a +2 vampiric dagger
Missiles
 f - 181 stones (quivered)
 l - 6 poisoned darts
 M - 4 throwing nets
Armour
 c - a +0 tower shield
 C - a +0 leather armour of fire resistance (worn)
 E - an orb of wrath (worn)
 F - a +0 pair of boots (worn)
Jewellery
 n - an amulet of faith
 o - an amulet of magic regeneration (around neck)
 s - a ring of fire
Scrolls
 b - a scroll of vulnerability {unknown}
 g - 2 scrolls of noise {unknown}
 h - 4 scrolls of teleportation {unknown}
 i - a scroll of fear {unknown}
 m - a scroll of identify
 p - a scroll of enchant weapon {unknown}
 q - 2 scrolls of fog {unknown}
 r - a scroll of amnesia {unknown}
 u - a scroll of magic mapping {unknown}
 y - a scroll of acquirement {unknown}
 A - a scroll of holy word {unknown}
 D - a scroll of brand weapon {unknown}
 G - 3 scrolls of immolation {unknown}
 H - a scroll of blinking {unknown}
 L - a scroll of enchant armour {unknown}
Potions
 d - a potion of might
 j - 2 potions of berserk rage
 k - 7 potions of curing
 t - 2 potions of flight
 w - a potion of resistance
 x - a potion of cancellation
 z - 2 potions of brilliance
 B - 2 potions of attraction {unknown}
 I - 2 potions of invisibility {unknown}
 J - a potion of mutation
 K - a potion of lignification


   Skills:
 + Level 5.3 Fighting
 + Level 5.3(6.0) Short Blades
 + Level 4.3(5.5) Long Blades
 + Level 3.6 Throwing
 + Level 5.1 Armour
 + Level 3.0 Dodging
 + Level 3.6 Stealth
 + Level 3.4 Shields
 + Level 0.8 Spellcasting
 + Level 0.7 Transmutations
 + Level 0.4 Poison Magic
 * Level 5.5 Invocations


You had 9 spell levels left.
You knew the following spells:

 Your Spells              Type           Power      Damage    Failure   Level
a - Sting                 Tmut/Pois      4%         1d3       36%         1

Your spell library contained the following spells:

 Spells                   Type           Power      Damage    Failure   Level
 Poisonous Vapours        Pois/Air       0%         N/A       54%         2
 Ensorcelled Hibernation  Hex/Ice        0%         N/A       56%         2
 Sublimation of Blood     Necr           0%         N/A       56%         2
 Spider Form              Tmut/Pois      1%         N/A       73%         3
 Portal Projectile        Hex/Tloc       0%         N/A       80%         3
 Ice Form                 Ice/Tmut       0%         N/A       98%         4
 Olgreb's Toxic Radiance  Pois           1%         N/A       98%         4
 Petrify                  Tmut/Erth      0%         N/A       98%         4
 Anguish                  Hex/Necr       0%         N/A       99%         4
 Hailstorm                Conj/Ice       0%         3d3       99%         4
 Blade Hands              Tmut           0%         N/A       100%        5
 Excruciating Wounds      Necr           0%         N/A       100%        5
 Irradiate                Conj/Tmut      0%         3d14      100%        5
 Summon Forest            Summ/Tloc      0%         N/A       100%        5
 Eringya's Noxious Bog    Tmut/Pois      0%         N/A       100%        6
 Simulacrum               Ice/Necr       0%         N/A       100%        6
 Summon Hydra             Summ           0%         N/A       100%        7


Dungeon Overview and Level Annotations

Branches:
Dungeon (8/15)             Temple (1/1) D:4         Ossuary (1/1)
   Lair: D:8-11

Altars:
Ashenzari
Cheibriados
Elyvilon
Fedhas
Kikubaaqudgha
Makhleb
Nemelex Xobeh
Sif Muna
Trog
Uskayaw
Xom

Shops:
D:6 !


Innate Abilities, Weirdness & Mutations

You have razor-sharp teeth.
Your natural rate of healing is unusually fast.
When hurt, damage is shared between your health and your magic reserves.
Your bite disrupts and absorbs the magic of your enemies.
Potions cannot restore your health.


Message History

* * * LOW HITPOINT WARNING * * *
You barely miss the bog mummy. You bite the bog mummy.
The bog mummy's magic leaks into the air.
You drain its magic.
You feel invigorated.
The bog mummy is moderately damaged.
The bog mummy falters for a moment.
The mummy splashes around in the water.
The mummy misses you.
You slice the mummy!!
You destroy the mummy!
Makhleb accepts your kill.
You feel better.
The bog mummy splashes around in the water.
The wyvern zombie closely misses you. The mummy closely misses you.
You hit the bog mummy.
The bog mummy is heavily damaged.
The wyvern zombie bites you! The bog mummy closely misses you.
The wyvern zombie bites you!
* * * LOW HITPOINT WARNING * * *
The mummy barely misses you.
You slash the wyvern zombie! You bite the wyvern zombie! You drain its power.
You feel invigorated.
The wyvern zombie is heavily damaged.
The wyvern zombie completely misses you.
The wyvern zombie bites you but does no damage.
The bog mummy splashes around in the water.
A centaur zombie comes into view.
You barely miss the bog mummy. You bite the bog mummy!
The bog mummy's magic leaks into the air.
You drain its magic.
The bog mummy is almost destroyed.
The wyvern zombie barely misses you.
The bog mummy splashes around in the water.
The wyvern zombie bites you.
* * * LOW HITPOINT WARNING * * *
You hit the bog mummy.
The bog mummy is almost destroyed.
The wyvern zombie bites you!
* * * LOW HITPOINT WARNING * * *
The bog mummy hits you!
You die...

### ≈≈ #≈≈
≈≈ #≈≈.≈≈ #
#≈≈#≈
≈≈#≈.≈.
≈≈≈≈#≈M#####
≈≈≈≈.ZZ#..∩#
#≈ZM@.∩.#
#P≈M#...#
#≈##.#####
≈≈ (. # ##≈
#. ##


You could see 2 mummies, a bog mummy (magic disrupted), 2 wyvern zombies and a
hornet zombie.

Vanquished Creatures
  Harold (D:8)
  A komodo dragon (D:7)
  Prince Ribbit (D:8)
  A water moccasin (D:4)
  A black bear (D:7)
  A sky beast (D:7)
  3 ogres
  2 necrophages
  A centaur (D:8)
  A phantom (D:3)
  2 bullfrogs
  3 scorpions
  6 killer bees (D:7)
  5 wights
  A bullfrog zombie (D:6)
  2 centaur zombies (D:5)
  2 hounds
  A centaur skeleton (D:7)
  A jelly (D:6)
  An orc priest (D:7)
  A bullfrog skeleton (D:6)
  An iron imp (D:3)
  Jessica (D:2)
  6 mummies (Ossuary)
  2 iguanas
  A hound skeleton (D:4)
  4 gnolls (D:2)
  A howler monkey skeleton (D:4)
  6 adders
  A white imp (D:5)
  An ufetubus (D:4)
  A worm (D:2)
  A dart slug (D:3)
  5 orcs
  13 ball pythons
  5 endoplasms
  6 giant cockroaches
  9 goblins
  9 hobgoblins
  9 jackals (D:1)
  11 kobolds
  6 quokkas
  2 bats
  6 frilled lizards
  6 rats
151 creatures vanquished.

Vanquished Creatures (others)
  3 withered plants (Ossuary)
3 creatures vanquished.

Grand Total: 154 creatures vanquished

Notes
Turn   | Place    | Note
-------+----------+-------------------------------------------
     0 | D:1      | Kazon the Vine Stalker Fighter began the quest for the Orb.
     0 | D:1      | Reached XP level 1. HP: 11/11 MP: 2/2
   110 | D:1      | Reached XP level 2. HP: 16/16 MP: 3/3
   312 | D:1      | Reached XP level 3. HP: 14/20 MP: 2/4
  1154 | D:2      | Gained mutation: Your natural rate of healing is unusually
                  | fast. [Vine Stalker growth]
  1154 | D:2      | Reached XP level 4. HP: 7/24 MP: 1/5
  1262 | D:2      | Found a faded altar of an unknown god.
  1377 | D:2      | Noticed Jessica
  1387 | D:2      | Reached skill level 1 in Short Blades
  1387 | D:2      | Reached XP level 5. HP: 16/28 MP: 3/6
  1389 | D:2      | Killed Jessica
  1590 | D:3      | Found a bloodstained altar of Trog.
  1739 | D:3      | Found a sparkling altar of Nemelex Xobeh.
  2124 | D:3      | Found a snail-covered altar of Cheibriados.
  2369 | D:3      | Noticed a phantom
  2389 | D:3      | Killed a phantom
  2390 | D:3      | Reached XP level 6. HP: 28/32 MP: 7/7
  2648 | D:4      | Found a staircase to the Ecumenical Temple.
  2655 | Temple   | Entered the Ecumenical Temple
  2662 | Temple   | Reached skill level 1 in Dodging
  2686 | Temple   | Became a worshipper of Makhleb the Destroyer
  2740 | D:4      | Reached skill level 1 in Throwing
  2740 | D:4      | Reached XP level 7. HP: 30/37 MP: 8/8
  2777 | D:4      | Reached skill level 1 in Invocations
  2858 | D:4      | Found a hide-covered altar of Uskayaw.
  3225 | D:5      | Entered Level 5 of the Dungeon
  3556 | D:5      | Gained mutation: You have razor-sharp teeth. [Vine Stalker
                  | growth]
  3556 | D:5      | Reached XP level 8. HP: 38/42 MP: 8/10
  3800 | D:6      | Reached skill level 1 in Stealth
  3812 | D:6      | Reached * piety under Makhleb
  4076 | D:6      | Found Vaffell's Distillery.
  4087 | D:6      | Bought 2 potions of curing for 72 gold pieces
  4087 | D:6      | Bought a potion of mutation for 96 gold pieces
  4087 | D:6      | Bought a potion of lignification for 36 gold pieces
  4121 | D:6      | Found a shimmering altar of Xom.
  4434 | D:7      | Learned a level 1 spell: Sting
  4625 | D:7      | Reached XP level 9. HP: 46/46 MP: 12/12
  4962 | D:7      | Noticed a komodo dragon
  4975 | D:7      | Killed a komodo dragon
  5300 | D:8      | Found a broken altar of Ashenzari.
  5311 | D:8      | Reached skill level 5 in Short Blades
  5352 | D:8      | Noticed Prince Ribbit
  5416 | D:8      | Noticed Harold
  5434 | D:8      | Killed Harold
  5435 | D:8      | Reached skill level 5 in Fighting
  5435 | D:8      | Reached skill level 5 in Armour
  5435 | D:8      | Reached skill level 5 in Invocations
  5441 | D:8      | Killed Prince Ribbit
  5442 | D:8      | Reached XP level 10. HP: 48/51 MP: 12/14
  5456 | D:8      | Found a sand-covered staircase.
  5476 | Ossuary  | Entered an ossuary
  5502 | Ossuary  | Reached ** piety under Makhleb
  5526 | Ossuary  | Slain by a bog mummy

Illustrated notes

Levels and vault maps discovered:
D:1:      scummos_arrival_simple_crosswalls, layout_basic, minmay_tripent
D:2:      layout_basic, shapermc_ecumenical_altar_totnotflames, uniq_jessica
D:3:      minmay_skewed_foursquare, layout_basic, slow_altar_1,
          nemelex_diamond_rough_becter, mainiacjoe_overflow_surrounded_room
D:4:      layout_basic, nicolae_uskayaw_murder_on_the_dancefloor,
          minmay_temple_entry_mist, hex_tiny, hangedman_decor_diamond_cutter,
          minmay_misc_feat_tiny
D:5:      layout_basic
D:6:      layout_cave_pools, tgw_xom, serial_shops, shop, minmay_misc_feat_rows
D:7:      layout_basic
D:8:      layout_gridville, lemuel_crystal_altar, zin_scriptorium,
          lightli_ossuary_entry_decrepit_ruins, kennysheep_generic_room_12,
          uniq_prince_ribbit1, uniq_gastronok, uniq_harold
Temple:   cyrus_temple_forest
Ossuary:  ossuary_zaba_flooded

Skill      XL: |  1  2  3  4  5  6  7  8  9 |
---------------+----------------------------+-----
Fighting       | 3 4 5 |  5.3
Long Blades    | 2 3 4 |  4.3
Shields        | 3 |  3.4
Armour         | 3 4 5 |  5.1
Short Blades   | 1 2 3 4 5 |  5.3
Dodging        | 1 2 3 |  3.0
Throwing       | 1 2 3 |  3.6
Invocations    | 2 3 5 |  5.5
Stealth        | 2 3 |  3.6
Spellcasting   | |  0.8
Transmutations | |  0.7
Poison Magic   | |  0.4

Action                   |  1- 3 |  4- 6 |  7- 9 | 10-12 || total
-------------------------+-------+-------+-------+-------++-------
Melee: Long sword        |    78 |       |    35 |    29 ||   142
       Bite              |    24 |    30 |    75 |    12 ||   141
       Dagger            |    25 |    62 |    16 |       ||   103
       Short sword       |       |    67 |   174 |       ||   241
Throw: Stone             |    24 |    35 |    28 |     6 ||    93
       Dart              |       |       |    25 |       ||    25
  Use: Potion            |     1 |       |     2 |     1 ||     4
       Scroll            |       |       |     6 |       ||     6
Armor: Scale mail        |    43 |    31 |    19 |       ||    93
       Leather armour    |       |       |    27 |     2 ||    29
Dodge: Dodged            |    50 |    31 |   129 |    24 ||   234
Block: Buckler           |    17 |    13 |    12 |       ||    42
